 Dungeon Crawl Stone Soup version 0.29-a0-270-g1586fc07ea (webtiles) character file.

Game seed: 15152894113272147533

4 spaghetti the Vexing (level 1, 0/15 HPs)
             Began as a Demigod Arcane Marksman on Mar 7, 2022.
             Slain by a hobgoblin (3 damage)
             ... on level 1 of the Dungeon.
             The game lasted 00:00:47 (215 turns).

spaghetti the Vexing (Demigod Arcane Marksman)       Turns: 215, Time: 00:00:48

Health: 0/15       AC:  2    Str: 11    XL:     1   Next: 40%
Magic:  0/4        EV: 12    Int: 15    God:
Gold:   0          SH:  0    Dex: 14    Spells: 1/2 levels left

rFire   . . .      SeeInvis .   a - +0 hand crossbow {crossbow}
rCold   . . .      Faith    .   (no shield)
rNeg    . . .      Spirit   .   b - +0 robe
rPois   .          Reflect  .   (no helmet)
rElec   .          Harm     .   (no cloak)
rCorr   .          Rampage  .   (no gloves)
Will    .....                   (no boots)
Stlth   +.........              (no amulet)
HPRegen 0.05/turn               (no ring)
MPRegen 0.09/turn               (no ring)

@: very slightly contaminated
A: high MP 1, forlorn, divine attributes
a: no special abilities


You were on level 1 of the Dungeon.
You visited 1 branch of the dungeon, and saw 1 of its levels.


Innate Abilities, Weirdness & Mutations

You have an increased reservoir of magic. (+10% MP)
You shall have no god before yourself.
Your divine heritage dramatically boosts your attributes as you level up.


   Skills:
 - Level 0.8 Fighting
 - Level 2.0 Crossbows
 - Level 1.7 Dodging
 - Level 1.0 Spellcasting
 + Level 2.8 Hexes


You had one spell level left.
You knew the following spells:

 Your Spells              Type           Power      Damage    Failure   Level
a - Slow                  Hex            36%        N/A       8%          1

Your spell library contained the following spells:

 Spells                   Type           Power      Damage    Failure   Level
 Inner Flame              Hex/Fire       5%         N/A       38%         3
 Portal Projectile        Hex/Tloc       10%        N/A       38%         3
 Cause Fear               Hex            4%         N/A       58%         4
 Fireball                 Conj/Fire      0%         3d3       100%        5
 Iskenderun's Battlesphe  Conj           0%         2d6       100%        5
 Conjure Ball Lightning   Conj/Air       0%         3x3d6     100%        6
 Orb of Destruction       Conj           0%         9d5       100%        7

Inventory:

Hand Weapons
 a - a +0 hand crossbow (weapon) {crossbow}
Missiles
 e - 19 stones {throwing}
Armour
 b - a +0 robe (worn)
Jewellery
 g - a +6 ring of dexterity
   (You found it on level 1 of the Dungeon)
Scrolls
 c - a scroll of vulnerability {!r!r}
 d - a scroll of teleportation {unknown}
Potions
 f - a potion of berserk rage {unknown}

Dungeon Overview and Level Annotations

Branches:
Dungeon (1/15)

#.........#
####.######
##.##
##.#.#
##.###.###
#.## #..
##.###.#.#
##.#g# .#
##@# . ###
#


You could see a hobgoblin (slow).


Message History

🤖 Initializing magus.rc ...
Options error: Delay interrupt name "hungry" not recognised. (~/.crawlrc:4761) Options error: Bad monster_list_colour key: strict_neutral (~/.crawlrc:4776) ✅ Successfully initialized magus.rc [v1.9.6] Welcome, spaghetti the Demigod Arcane Marksman.
Are you destined to find the terrific Orb of Zot, or to die trying?
Press ? for a list of commands and other information.
Found a scroll labelled DONIEKH PIPEK and 19 stones.
Found a staircase leading out of the dungeon.
d - a scroll labelled DONIEKH PIPEK
There is a dry fountain here.
e - 19 stones {throwing}
There is a dry fountain here.
You open the door.
Found a stone staircase leading down.
Okay, then.
There is an open door here.
You pick up a book of the Spheres and begin reading...
You add the spells Iskenderun's Battlesphere, Fireball, Conjure Ball Lightning and Orb of Destruction to your library.
A bat comes into view.
A bat is nearby!
You shoot a bolt. The bolt hits the bat!
You kill the bat!
You see here a +0 scale mail.
You see here a +0 robe.
Found a stone staircase leading down.
f - a blue potion A bat comes into view.
You shoot a bolt.
The bolt hits the bat but does no damage.
The bat hits you but does no damage. The bat closely misses you.
You shoot a bolt. The bolt closely misses the bat.
The bat barely misses you.
You shoot a bolt. The bolt hits the bat!
You kill the bat!
Training target 2.0 for Crossbows reached!
Your Crossbows skill increases to level 2!
You need to enable at least one skill for training.
Okay, then.
Key pressed, stopping explore.
An endoplasm comes into view.
An endoplasm is nearby!
Okay, then.
You shoot a bolt. The bolt hits the endoplasm!
You kill the endoplasm!
Key pressed, stopping explore.
g - a +6 ring of dexterity A hobgoblin comes into view.
You shoot a bolt. The bolt hits the hobgoblin.
The hobgoblin shouts!
The hobgoblin hits you. 😕 HP[-1]
You take 1 damage, and now have 14/15 hp.
You shoot a bolt. The bolt hits the hobgoblin.
The hobgoblin hits you. 😮 HP[-5]
You take 5 damage, and now have 9/15 hp.
MASSIVE DAMAGE!! (PAUSE)
You are too injured to fight recklessly!
You are too injured to fight recklessly!
Aiming: Slow (safe; 8% risk of failure)
Press: ? - help, Q - select action, (/) - cycle Shift-Dir - straight line, f/p - hobgoblin
Aim: a hobgoblin (severely wounded, chance to affect: 64%)
The hobgoblin struggles to resist.
The hobgoblin hits you.
* * * LOW HITPOINT WARNING * * *
😨 HP[-2] MP[-1]
You take 2 damage, and now have 7/15 hp.
You lost 1 mp, and now have 3/4 mp.
Aiming: Slow (safe; 8% risk of failure)
Press: ? - help, Q - select action, (/) - cycle Shift-Dir - straight line, f/p - hobgoblin
Aim: a hobgoblin (severely wounded, chance to affect: 64%)
The hobgoblin seems to slow down.
The hobgoblin hits you.
* * * LOW HITPOINT WARNING * * *
😱 HP[-4] MP[-1]
You take 4 damage, and now have 3/15 hp.
MASSIVE DAMAGE!! (PAUSE)
You lost 1 mp, and now have 2/4 mp.
Aiming: Slow (safe; 8% risk of failure)
Press: ? - help, Q - select action, (/) - cycle Shift-Dir - straight line, f/p - hobgoblin
Aim: a hobgoblin (severely wounded, slow, chance to affect: 64%)
The hobgoblin seems to slow down.
The hobgoblin hits you but does no damage. 😱 MP[-1]
You lost 1 mp, and now have 1/4 mp.
Aiming: Slow (safe; 8% risk of failure)
Press: ? - help, Q - select action, (/) - cycle Shift-Dir - straight line, f/p - hobgoblin
Aim: a hobgoblin (severely wounded, slow, chance to affect: 64%)
You miscast Slow.
You are very lightly contaminated with residual magic.
Nothing appears to happen. 😱 MP[-1]
You lost 1 mp, and now have 0/4 mp.
You don't have enough magic to cast this spell.
You don't have enough magic to cast this spell.
Shoot: a) +0 hand crossbow {crossbow}
Press: ? - help, Q - select action, (/) - cycle Shift-Dir - straight line, f/p - hobgoblin
Aim: a hobgoblin (severely wounded, slow, 60% to hit)
You shoot a bolt. The bolt hits the hobgoblin.
The hobgoblin hits you.
You die...

Skill      XL: |  1 |
---------------+----+-----
Crossbows      | 2 |  2.0
Fighting       | |  0.8
Dodging        | |  1.7
Spellcasting   | |  1.0
Hexes          | |  2.8

Action                   || total
-------------------------++-------
 Fire: Hand crossbow     ||     8
 Cast: Slow              ||     3
Armor: Robe              ||     2
Dodge: Dodged            ||     2

Levels and vault maps discovered:
D:1:      dpeg_arrival_water_temple_mockup, layout_loops_corners

Notes
Turn   | Place    | Note
-------+----------+-------------------------------------------
     0 | D:1      | spaghetti the Demigod Arcane Marksman began the quest for
                  | the Orb.
     0 | D:1      | Reached XP level 1. HP: 15/15 MP: 4/4
     0 | D:1      | magus.rc [v1.9.6]
    45 | D:1      | You pick up a book of the Spheres and begin reading...
    45 | D:1      | You add the spells Iskenderun's Battlesphere, Fireball,
                  | Conjure Ball Lightning and Orb of Destruction to your
                  | library.
   123 | D:1      | Reached skill level 2 in Crossbows
   212 | D:1      | HP: 3/15 [hobgoblin (4)]
   215 | D:1      | Slain by a hobgoblin

Vanquished Creatures
  2 bats (D:1)
  An endoplasm (D:1)
3 creatures vanquished.

Table legend:
 A = Non-vault XP
 B = Vault XP
 C = Vault XP percentage of total XP
 D = Non-vault monster count
 E = Vault monster count
 F = Vault count percentage of total count
                 A         B        C        D         E       F
            +---------+---------+-------+---------+---------+-------
      Total |       6 |       0 |   0.0 |       3 |       0 |   0.0
            +---------+---------+-------+---------+---------+-------
        D:1 |       6 |       0 |   0.0 |       3 |       0 |   0.0
            +---------+---------+-------+---------+---------+-------

Illustrated notes

Table legend:
 A = Kills in this place as a percentage of kills in entire the game.
 B = Kills by you in this place as a percentage of kills by you in the entire game.
 C = Kills by friends in this place as a percentage of kills by friends in the entire game.
 D = Other kills in this place as a percentage of other kills in the entire game.
 E = Experience gained in this place as a percentage of experience gained in the entire game.
 F = Experience gained in this place divided by the number of levels of this place that you have seen.
                   A       B       C       D       E      F
               +-------+-------+-------+-------+-------+----------------------
         Total | 100.0 | 100.0 |   N/A |   N/A | 100.0 |   6.0
       Dungeon | 100.0 | 100.0 |   N/A |   N/A | 100.0 |   6.0
               +-------+-------+-------+-------+-------+----------------------

Table legend: (Time is in decaauts)
 A = Elapsed time spent in this place.
 B = Non-inter-level travel time spent in this place.
 C = Inter-level travel time spent in this place.
 D = Time resting spent in this place.
 E = Time spent auto-exploring this place.
 F = Levels seen in this place.
 G = Mean time per level.
                   A        B        C        D        E       F      G
               +--------+--------+--------+--------+--------+-----+--------+
         Total |    217 |    217 |      0 |      0 |    195 |   1 |  217.0 |
       Dungeon |    217 |    217 |      0 |      0 |    195 |   1 |  217.0 |
               +--------+--------+--------+--------+--------+-----+--------+

Top non-repeatable levels by time:
     D:1: 217 daAuts
